 Dungeon Crawl Stone Soup version 0.21.0-3-g78d12a8 (webtiles) character file.

47 quantumfuzzball the Skirmisher (level 3, -13/29 HPs)
             Began as a Demonspawn Fighter on Jan 11, 2018.
             Killed by divine providence
             ... invoked by an orc priest
              (17 damage)
             ... on level 2 of the Dungeon.
             The game lasted 00:03:13 (1067 turns).

quantumfuzzball the Skirmisher (Demonspawn Fighter) Turns: 1067, Time: 00:03:13

Health: -13/29     AC: 11    Str: 22    XL:     3   Next: 48%
Magic:  12/12      EV:  4    Int:  9    God:
Gold:   51         SH:  9    Dex: 14    Spells: 2/2 levels left

rFire    . . .     SeeInvis +   a - +0 war axe
rCold    . . .     Gourm    .   c - +0 shield
rNeg     . . .     Faith    .   l - +0 plate armour
rPois    .         Spirit   .   (no helmet)
rElec    .         Reflect  .   (no cloak)
rCorr    .         Harm     .   (no gloves)
MR       .....                  (no boots)
Stlth    ..........             (no amulet)
HPRegen  0.09/turn              m - ring of see invisible
MPRegen  0.13/turn              n - ring of magical power

@: mighty
A: thin skeletal structure 1, spiny 1
a: no special abilities


You were on level 2 of the Dungeon.
You were not hungry.

You visited 1 branch of the dungeon, and saw 2 of its levels.

You collected 51 gold pieces.

Inventory:

Hand Weapons
 a - a +0 war axe (weapon)
Armour
 c - a +0 shield (worn)
 l - a +0 plate armour (worn)
Jewellery
 m - a ring of see invisible (left hand)
 n - a ring of magical power (right hand)
Scrolls
 b - a scroll of identify {unknown}
 e - a scroll of fear
 i - a scroll of fog {unknown}
 o - a scroll of amnesia {unknown}
Potions
 h - a potion of degeneration {unknown}
 j - a potion of curing {unknown}
 k - a potion of flight {unknown}
Comestibles
 f - 2 rations
 g - 3 chunks of flesh


   Skills:
 + Level 3.3 Fighting
 * Level 2.4 Axes
 * Level 3.1 Armour
 + Level 0.3 Dodging
 * Level 3.1 Shields


You had 2 spell levels left.
You didn't know any spells.

Dungeon Overview and Level Annotations

Branches:
Dungeon (2/15)

Altars:
Xom


Innate Abilities, Weirdness & Mutations

You have a somewhat thin skeletal structure. (Dex +2, Stealth)
You are partially covered in sharp spines.


Message History

The orc priest invokes the aid of Beogh against you.
Beogh smites you!
Ouch! That really hurt!
* * * LOW HITPOINT WARNING * * *
The hobgoblin hits you but does no damage.
You hit the hobgoblin.
The hobgoblin is moderately wounded.
The hobgoblin hits you with a club.
* * * LOW HITPOINT WARNING * * *
The orc priest barely misses you.
You feel very mighty all of a sudden. You block the hobgoblin's attack.
The orc priest hits you with a mace.
* * * LOW HITPOINT WARNING * * *
You slash the orc priest!
The orc priest is heavily wounded.
You hit the hobgoblin. You block the hobgoblin's attack.
The orc priest mumbles some strange prayers to Beogh against you.
Beogh smites you!
Ouch! That really hurt!
You die...

### #.. ## ###
##########.### .≈#
#.###............#
.≈≈
.#.##.########.#.##
## . ###....#####
#.#..#.♣.... #
##.#.....#
#.#@o..≈♣
###....###.#
#.#g##.__._≈
.#.##.####.###.#(##
...≈. #.###.#
#.........# #.≈.
#.# #.#
#.######...# ..#
#.# #.# #.# ###.#
## #.# #.# #.# .#
..# #.# #.# .#
.####.###.# #


You could see an orc priest and a hobgoblin.

Vanquished Creatures
  An ooze (D:2)
  2 dart slugs (D:1)
  2 leopard geckos
  2 orcs (D:2)
  6 bats (D:1)
  4 goblins
  4 hobgoblins
  A quokka (D:2)
  A ball python (D:2)
  4 frilled lizards
  6 kobolds
  4 rats
37 creatures vanquished.

Notes
Turn   | Place    | Note
-------+----------+-------------------------------------------
     0 | D:1      | quantumfuzzball the Demonspawn Fighter began the quest for the Orb.
     0 | D:1      | Reached XP level 1. HP: 18/18 MP: 1/1
   247 | D:1      | Gained mutation: You have a somewhat thin skeletal structure. (Dex +2, Stealth) [demonic ancestry]
   247 | D:1      | Reached XP level 2. HP: 22/24 MP: 2/2
   734 | D:2      | Gained mutation: You are partially covered in sharp spines. [demonic ancestry]
   734 | D:2      | Reached XP level 3. HP: 28/29 MP: 3/3
   874 | D:2      | Found a faded altar of an unknown god.
  1061 | D:2      | Found a shimmering altar of Xom.
  1061 | D:2      | Found a shimmering altar of Xom.
  1061 | D:2      | Found a shimmering altar of Xom.
  1067 | D:2      | Killed from afar by an orc priest

Skill      XL: |  1  2 |
---------------+-------+-----
Axes           | 2 |  2.4
Armour         | 3 |  3.1
Shields        | 3 |  3.1
Fighting       | |  3.3
Dodging        | |  0.3

Action                   || total
-------------------------++-------
Melee: War axe           ||    94
  Use: Scroll            ||     3
       Potion            ||     1
  Eat: Chunk             ||     1
Armor: Scale mail        ||    79
       Plate armour      ||     3
Dodge: Dodged            ||    38
Block: Shield            ||    74
